 Dungeon Crawl Stone Soup version 0.30-a0-54-g2e61a25929 (webtiles) character file.

Game seed: 6037614667002406937

2482 Newt the Charlatan (level 9, -4/69 HPs)
             Began as a Demonspawn Gladiator on Sept 8, 2022.
             Was an Initiate of Gozag.
             Slain by a kobold brigand
             ... wielding a +0 war axe
              (12 damage)
             ... in a bailey.
             The game lasted 00:10:32 (7401 turns).

Newt the Charlatan (Demonspawn Gladiator)           Turns: 7401, Time: 00:10:33

Health: -4/69      AC: 12    Str: 21    XL:     9   Next: 27%
Magic:  22/22      EV: 13    Int: 14    God:    Gozag
Gold:   881        SH:  0    Dex: 15    Spells: 8/14 levels left

rFire   . . .      SeeInvis .    G - +0 long sword (pain)
rCold   . . .      Faith    .    (no shield)
rNeg    . . .      Spirit   .    o - +3 leather armour "Wutre" {Str+3}
rPois   .          Reflect  .    s - +1 hat
rElec   .          Harm     .    z - +0 cloak
rCorr   .          Rampage  .    (gloves unavailable)
Will    .....                    (no boots)
Stlth   ++........               h - amulet of magic regeneration
HPRegen 0.21/turn                m - ring of magical power
MPRegen 0.58/turn                p - +4 ring of protection

@: wereblooded
A: big brain 2, demonic touch 3
a: Renounce Religion, Potion Petition, Call Merchant, Bribe Branch


You were in a bailey.
You worshipped Gozag.
Gozag was pleased with you.
You visited 1 branch of the dungeon, and saw 7 of its levels.
You also visited: Bailey.

You collected 912 gold pieces.
You paid 31 gold pieces to Gozag.

Inventory:

Hand Weapons
 a - a +1 rapier of venom
 u - a +2 dagger of draining
 v - a +1 dagger of venom
 G - a +0 long sword of pain (weapon)
Missiles
 d - a throwing net (quivered)
 e - a javelin
 g - 4 poisoned darts
Armour
 b - a +0 leather armour
 c - a +0 helmet
 o - the +3 leather armour "Wutre" (worn) {Str+3}
   (You found it on level 3 of the Dungeon)

   Str:       It affects your strength (+3).
 s - a +1 hat (worn)
 z - a +0 cloak (worn)
Jewellery
 h - an amulet of magic regeneration (around neck)
 m - a ring of magical power (left hand)
 p - a +4 ring of protection (right hand)
Wands
 B - a wand of flame (17)
Scrolls
 l - a scroll of vulnerability
 n - 3 scrolls of silence
 q - a scroll of torment
 y - a scroll of blinking
 A - a scroll of immolation
 C - a scroll of fog
 D - 2 scrolls of teleportation
 F - a scroll of enchant weapon
Potions
 f - 3 potions of might
 i - 2 potions of curing
 j - 4 potions of degeneration
 k - 2 potions of attraction
 r - a potion of haste
 t - a potion of heal wounds {unknown}
 w - a potion of ambrosia {unknown}
 x - a potion of flight {unknown}
 E - a potion of cancellation {unknown}


   Skills:
 - Level 6.0 Fighting
 - Level 3.0 Short Blades
 - Level 1.7 Throwing
 - Level 4.0 Armour
 - Level 4.0 Dodging
 - Level 2.0 Stealth
 - Level 3.0 Spellcasting
 - Level 5.0 Transmutations
 + Level 6.3 Evocations


You had 8 spell levels left.
You knew the following spells:

 Your Spells              Type           Power      Damage    Failure   Level
a - Beastly Appendage     Tmut           32%        N/A       3%          1
b - Spider Form           Tmut/Pois      9%         N/A       26%         3
c - Wereblood             Tmut           16%        N/A       4%          2

Your spell library contained the following spells:

 Spells                   Type           Power      Damage    Failure   Level
 Ignite Poison            Fire/Tmut/Pois 6%         N/A       36%         3
 Mephitic Cloud           Conj/Pois/Air  2%         N/A       58%         3
 Freezing Cloud           Conj/Ice/Air   1%         6-21      100%        5


Dungeon Overview and Level Annotations

Branches:
Dungeon (7/15)             Temple (0/1) D:4          Bailey (1/1)

Altars:
Ashenzari
Cheibriados
Dithmenos
Gozag
Kikubaaqudgha
Makhleb
Nemelex Xobeh
Qazlal
Sif Muna
Trog
Uskayaw
Wu Jian
Xom
Yredelemnul

Shops:
D:4 [

Annotations:
D:6 1 runed translucent door, Crazy Yiuf


Innate Abilities, Weirdness & Mutations

You have an extremely huge brain. (Int +4)
Your touch may irresistibly damage your foes and sap their willpower.


Message History

The orc knight hits you with a +0 war axe.
The kobold brigand hits you but does no damage.
Throw: 3 throwing nets
Press: ? - help, Q - select action, (/) - cycle Shift-Dir - straight line, f/p - orc knight
Aim: an orc knight, wielding a +0 war axe and wearing a +0 plate armour (moderately wounded, very poisoned, 62% to hit)
You throw a throwing net. The throwing net hits the orc knight.
The orc knight is caught in the net!
The orc knight is moderately wounded.
The orc knight struggles against the net.
The kobold brigand misses you.
You closely miss the kobold brigand.
The kobold brigand is lightly wounded.
The orc knight struggles against the net.
The kobold brigand closely misses you.
You hit the kobold brigand but do no damage.
The kobold brigand is lightly wounded.
The orc knight struggles against the net.
The kobold brigand hits you but does no damage.
The orc knight struggles against the net.
Your magical contamination has completely faded away.
You hit the kobold brigand. Your touch misses the kobold brigand.
The kobold brigand is moderately wounded.
The kobold brigand misses you.
The orc knight struggles against the net.
The net rips apart, and the orc knight comes free!
The kobold brigand hits you with a +0 war axe.
Throw: 2 throwing nets
Press: ? - help, Q - select action, (/) - cycle Shift-Dir - straight line, f/p - orc knight
Aim: an orc knight, wielding a +0 war axe and wearing a +0 plate armour (moderately wounded, poisoned, 62% to hit)
You throw a throwing net.
The throwing net barely misses the orc knight.
The orc knight hits you with a +0 war axe.
The kobold brigand hits you with a +0 war axe.
You completely miss the kobold brigand.
The kobold brigand is moderately wounded.
The orc knight hits you with a +0 war axe!
* * * LOW HITPOINT WARNING * * *
The kobold brigand hits you with a +0 war axe!
You die...
Your body crumbles into a pile of gold.

..~K.......~~.
###~~..(....~~#
.K.~~.......~~.
#~~.......~~#
#~..(....~#
#(..# #(..#
#oK.# #@$.#
##'''##
##..∩..##
#.......#
#...∩...#
##.....##
#######


You could see an orc knight (poisoned) and a kobold brigand.

Vanquished Creatures
  Pikel (D:5)
  Maggie (D:7)
  The ghost of Moonkey the Conjurer, a novice DECj of Vehumet (D:5)
  An orc warrior (D:6)
  A black bear (D:4)
  2 ogres (D:5)
  A lemure (D:5)
  2 kobold brigands (Bailey)
  A bullfrog (D:6)
  4 scorpions
  4 vampire bats
  A howler monkey (D:4)
  2 hounds
  Ijyb (D:5)
  An orc priest (D:6)
  2 iguanas
  Terence (D:3)
  2 scorpion zombies (D:5)
  Robin (D:3)
  4 gnolls (D:4)
  7 adders
  A shadow imp (D:5)
  An ufetubus (D:5)
  3 worms
  4 dart slugs
  13 orcs
  3 ball pythons
  3 bat skeletons (D:6)
  3 bat zombies (D:6)
  6 endoplasms
  3 giant cockroaches
  16 goblins
  5 hobgoblins
  16 kobolds
  2 quokkas (D:3)
  15 bats
  2 frilled lizards
  6 rats
143 creatures vanquished.

Vanquished Creatures (collateral kills)
  A rat (D:2)
1 creature vanquished.

Grand Total: 144 creatures vanquished

Notes
Turn   | Place    | Note
-------+----------+-------------------------------------------
     0 | D:1      | Newt the Demonspawn Gladiator began the quest for the Orb.
     0 | D:1      | Reached XP level 1. HP: 16/16 MP: 1/1
    46 | D:1      | Reached skill level 1 in Stealth
   191 | D:1      | Gained mutation: You have an unusually large brain. (Int
                  | +2) [demonic ancestry]
   191 | D:1      | Reached XP level 2. HP: 11/22 MP: 2/2
   196 | D:1      | HP: 1/22 [frozen (4)]
   757 | D:1      | Found a faded altar of an unknown god.
  1014 | D:1      | Gained mutation: Your touch may inflict minor irresistible
                  | damage on your foes. [demonic ancestry]
  1014 | D:1      | Reached XP level 3. HP: 28/28 MP: 3/3
  2140 | D:3      | Identified the +3 leather armour "Wutre" {Str+3}
  2241 | D:3      | Found a shimmering blue altar of Sif Muna.
  2255 | D:3      | Found an opulent altar of Gozag.
  2255 | D:3      | Found a sparkling altar of Nemelex Xobeh.
  2262 | D:3      | Became a worshipper of Gozag Ym Sagoz the Greedy
  2308 | D:3      | Found a burning altar of Makhleb.
  2383 | D:3      | Gained mutation: You have an extremely huge brain. (Int +4)
                  | [demonic ancestry]
  2383 | D:3      | Reached XP level 4. HP: 6/37 MP: 4/4
  2793 | D:3      | Found a shimmering altar of Xom.
  2981 | D:3      | Noticed Terence
  2996 | D:3      | Killed Terence
  2997 | D:3      | Reached skill level 1 in Spellcasting
  3074 | D:3      | Noticed Robin
  3089 | D:3      | Killed Robin
  3285 | D:3      | Reached XP level 5. HP: 42/42 MP: 8/8
  3473 | D:4      | Found a staircase to the Ecumenical Temple.
  3767 | D:4      | Reached skill level 1 in Transmutations
  3835 | D:4      | Found a shadowy altar of Dithmenos.
  3903 | D:4      | Found Carobal's Antique Armour Boutique.
  3910 | D:4      | Noticed a black bear
  3914 | D:4      | Killed a black bear
  3915 | D:4      | Reached XP level 6. HP: 48/48 MP: 10/10
  3921 | D:4      | Learned a level 1 spell: Beastly Appendage
  3925 | D:4      | Learned a level 3 spell: Spider Form
  4065 | D:4      | Found a broken altar of Ashenzari.
  4620 | D:5      | Entered Level 5 of the Dungeon
  4630 | D:5      | Found a bloodstained altar of Trog.
  4659 | D:5      | Noticed Pikel
  4685 | D:5      | Killed Pikel
  4686 | D:5      | Reached skill level 5 in Transmutations
  4686 | D:5      | Gained mutation: Your touch may inflict irresistible damage
                  | on your foes. [demonic ancestry]
  4686 | D:5      | Reached XP level 7. HP: 12/54 MP: 11/11
  5450 | D:5      | Found a stormy altar of Qazlal.
  5452 | D:5      | Noticed an air elemental
  5452 | D:5      | Noticed a water elemental
  5452 | D:5      | Noticed a fire elemental
  5585 | D:5      | Found a runed translucent gate.
  5585 | D:5      | Found a runed translucent gate.
  5585 | D:5      | Found a runed translucent gate.
  5585 | D:5      | Noticed Moonkey's ghost (novice DECj)
  5587 | D:5      | Found a basalt altar of Yredelemnul.
  5609 | D:5      | Learned a level 2 spell: Wereblood
  5632 | D:5      | Killed Moonkey's ghost
  5633 | D:5      | Gained mutation: Your touch may irresistibly damage your
                  | foes and sap their willpower. [demonic ancestry]
  5633 | D:5      | Reached XP level 8. HP: 33/60 MP: 12/12
  6080 | D:5      | Reached skill level 5 in Fighting
  6132 | D:5      | Noticed Ijyb
  6147 | D:5      | Killed Ijyb
  6488 | D:6      | Reached skill level 1 in Evocations
  6550 | D:6      | Found a snail-covered altar of Cheibriados.
  6607 | D:6      | Found a runed translucent door.
  6608 | D:6      | Noticed Crazy Yiuf
  6708 | D:6      | Found an ornate altar of the Wu Jian Council.
  6771 | D:6      | Found a hide-covered altar of Uskayaw.
  6903 | D:6      | Found an ancient bone altar of Kikubaaqudgha.
  6917 | D:6      | Reached XP level 9. HP: 69/69 MP: 13/13
  7000 | D:6      | Noticed a two-headed ogre
  7005 | D:6      | Noticed a six-headed hydra
  7196 | D:7      | Noticed Maggie
  7210 | D:7      | Killed Maggie
  7211 | D:7      | Reached skill level 5 in Evocations
  7331 | D:7      | Found a flagged portal.
  7353 | Bailey   | Entered a bailey
  7381 | Bailey   | Noticed an orc knight
  7401 | Bailey   | Slain by a kobold brigand

Illustrated notes

Levels and vault maps discovered:
D:1:      reono_arrival_mine, layout_rooms,
          shapermc_ecumenical_altar_starsandcircs
D:2:      layout_loops_corners, kennysheep_generic_room_12
D:3:      layout_basic, grunt_temple_overflow_opulence,
          overflow_temple_1_default, nicolae_sif_muna_little_library,
          bloody_makhleb, uniq_terence, uniq_robin
D:4:      layout_basic, nicolae_ashenzari_panopticon,
          mainiacjoe_overflow_surrounded_room, mainiacjoe_overflow_alcove_4,
          minmay_temple_entry_large_hall, serial_shops, nicolae_shop_crystal
D:5:      layout_loops_ring, trog_three_pillars_becter,
          nicolae_qazlal_style_of_elements, nicolae_yredelemnul_ghost_church,
          minmay_tree_intersection, minmay_misc_feat_plants, nrook_mini_vaults,
          roderic_batcave, uniq_ijyb, uniq_pikel
D:6:      minmay_cornered_nines, layout_basic, mainiacjoe_overflow_big_doors,
          nicolae_wu_jian_wuxing_cycle, mainiacjoe_overflow_catwalk,
          kennysheep_vampire_church, uniq_crazy_yiuf_cottage
D:7:      layout_loops_ring, lemuel_round_altar, enter_bailey_3, uniq_maggie
Bailey:   bailey_axe_3, bailey

Skill      XL: |  1  2  3  4  5  6  7  8  9 |
---------------+----------------------------+-----
Stealth        | 1 2 |  2.0
Fighting       | 3 4 6 |  6.0
Spellcasting   | 2 3 |  3.0
Transmutations | 2 5 |  5.0
Armour         | 3 4 |  4.0
Dodging        | 4 |  4.0
Short Blades   | 3 |  3.0
Evocations     | 4 6 |  6.3
Throwing       | |  1.7

Action                   |  1- 3 |  4- 6 |  7- 9 || total
-------------------------+-------+-------+-------++-------
Melee: Rapier            |   125 |    21 |       ||   146
       Touch             |    10 |    25 |    29 ||    64
       Dagger            |       |   137 |   130 ||   267
       Punch             |       |     2 |     2 ||     4
       Headbutt          |       |     9 |    16 ||    25
       Kick              |       |     6 |    27 ||    33
       Unarmed           |       |       |    25 ||    25
       Long sword        |       |       |    20 ||    20
Throw: Throwing net      |     3 |       |     2 ||     5
       Javelin           |     1 |       |       ||     1
       Dart              |       |       |     4 ||     4
 Cast: Beastly Appendage |       |     4 |    13 ||    17
       Spider Form       |       |       |     3 ||     3
       Wereblood         |       |       |     6 ||     6
  Use: Scroll            |     5 |       |     8 ||    13
       Potion            |     1 |       |       ||     1
 Stab: Held in net/web   |     1 |       |       ||     1
       Sleeping          |     2 |     2 |     3 ||     7
       Distracted        |       |     1 |       ||     1
Armor: Leather armour    |    46 |    51 |    87 ||   184
       Skin              |       |       |     2 ||     2
Dodge: Dodged            |   105 |    82 |   130 ||   317

Table legend: (Time is in decaauts)
 A = Elapsed time spent in this place.
 B = Non-inter-level travel time spent in this place.
 C = Inter-level travel time spent in this place.
 D = Time resting spent in this place.
 E = Time spent auto-exploring this place.
 F = Levels seen in this place.
 G = Mean time per level.
                   A        B        C        D        E       F      G
               +--------+--------+--------+--------+--------+-----+--------+
         Total |   7378 |   7255 |    123 |   1481 |   4615 |   8 |  922.2 |
       Dungeon |   7326 |   7203 |    123 |   1481 |   4615 |   7 | 1046.6 |
        Bailey |     52 |     52 |      0 |      0 |      0 |   1 |   52.0 |
               +--------+--------+--------+--------+--------+-----+--------+

Top non-repeatable levels by time:
     D:5: 1842 daAuts
     D:1: 1326 daAuts
     D:3: 1281 daAuts
     D:4: 1185 daAuts
     D:2: 821 daAuts
     D:6: 538 daAuts
     D:7: 331 daAuts
  Bailey: 52 daAuts
